AoeStats
← LIJKIE

Lombardia

509927070Analyzed
3v3 RM · 4d ago on Sep 28, 2026· 78m 19s· 6 players
Game mode
Random Map
Map size
Normal (6 player)
Population
200
Speed
Normal
Resources
Standard
Victory
Conquest
Starting age
Dark Age
Ending age
Imperial Age
RankedLock teamsTeams togetherTeam positionsShared explorationLock speedFull tech treeHidden civsTurbo modeCheats
Victory
Defeat
🇳🇱 Slavs · Netherlands
1076
+12
🇳🇱 Franks · Netherlands
1016
+14
🇳🇱 Poles · Netherlands
859
+20
🇿🇦 Huns · South Africa
1010
-17
🇬🇧 Khmer · United Kingdom
971
-15
🇳🇴 Japanese · Norway
935
-14
Gamer_90_
4:16 Loom
10:02 Feudal Age
13:02 Wheelbarrow
18:21 Castle Age
16:32 Horse Collar
16:51 Double-Bit Axe
18:24 Stone Mining
18:31 Gold Mining
19:59 Heavy Plow
21:59 Gold Shaft Mining
22:15 Bow Saw
24:19 Stone Shaft Mining
29:47 Imperial Age
29:59 Fletching
30:09 Padded Archer Armor
32:11 Onager
33:44 Bodkin Arrow
34:17 Leather Archer Armor
35:13 Hand Cart
37:18 Bracer
38:38 Ring Archer Armor
39:15 Forging
39:06 Scale Mail Armor
38:48 Light Cavalry
39:39 Bloodlines
39:29 Heavy Scorpion
40:01 Pikeman
40:26 Arson
40:39 Elite Skirmisher
41:44 Parthian Tactics
41:59 Chain Mail Armor
41:50 Scale Barding Armor
42:21 Iron Casting
42:12 Halberdier
46:06 Crop Rotation
45:00 Heavy Cavalry Archer
45:01 Crossbowman
46:43 Chemistry
45:53 Masonry
46:30 Capped Ram
47:19 Arbalester
47:25 Man-at-Arms
49:11 Blast Furnace
48:31 Chain Barding Armor
50:00 Coinage
49:30 Caravan
51:14 Banking
50:17 Siege Ram
51:44 Long Swordsman
53:25 Double Crossbow
57:18 Elite Ballista Elephant
75:14 Two-Handed Swordsman
Solo
9:39 Feudal Age
7:57 Loom
10:11 Double-Bit Axe
12:11 Wheelbarrow
17:03 Castle Age
14:55 Gold Mining
15:33 Horse Collar
18:05 Bow Saw
18:53 Stone Mining
22:48 Gambesons
23:41 Hand Cart
24:44 Scale Mail Armor
25:31 Gold Shaft Mining
25:13 Squires
25:59 Pikeman
31:22 Arson
32:58 Heavy Plow
34:00 Forging
34:06 Chain Mail Armor
38:33 Iron Casting
47:45 Imperial Age
46:55 Padded Archer Armor
46:45 Fletching
46:18 Elite Skirmisher
48:47 Conscription
47:48 Elite Samurai
48:48 Onager
49:11 Halberdier
51:08 Two-Man Saw
51:22 Plate Mail Armor
51:52 Blast Furnace
52:14 Leather Archer Armor
51:54 Bodkin Arrow
53:05 Chemistry
56:37 Caravan
58:01 Capped Ram
59:47 Scale Barding Armor
59:43 Bracer
60:13 Ring Archer Armor
GreenHydra
8:12 Loom
10:52 Feudal Age
12:22 Double-Bit Axe
12:28 Horse Collar
21:41 Stone Mining
23:59 Castle Age
22:27 Scale Barding Armor
23:01 Forging
23:15 Bloodlines
25:27 Wheelbarrow
24:58 Husbandry
25:39 Iron Casting
24:45 Light Cavalry
29:54 Marauders
30:33 Chain Barding Armor
30:52 Heavy Plow
31:15 Gold Mining
31:46 Hand Cart
36:34 Imperial Age
33:52 Town Watch
35:38 Bow Saw
36:38 Cavalier
38:22 Blast Furnace
38:59 Plate Barding Armor
39:03 Paladin
42:59 Elite Tarkan
44:10 Conscription
45:46 Hussar
57:41 Town Patrol
57:52 Caravan
60:02 Scale Mail Armor
60:18 Squires
60:03 Arson
59:39 Pikeman
61:44 Two-Man Saw
61:05 Chain Mail Armor
61:34 Halberdier
tiemen
8:31 Loom
11:49 Feudal Age
16:51 Castle Age
16:18 Gold Mining
16:20 Stone Mining
17:39 Double-Bit Axe
20:03 Horse Collar
24:10 Forging
26:46 Bow Saw
26:29 Pikeman
28:30 Fletching
31:17 Imperial Age
31:34 Wheelbarrow
30:59 Gold Mining
32:28 Ballistics
33:08 Chemistry
33:14 Heavy Plow
35:35 Two-Man Saw
35:49 Halberdier
36:31 Squires
36:37 Scale Mail Armor
37:13 Iron Casting
38:06 Conscription
37:55 Heavy Scorpion
39:11 Chain Mail Armor
39:56 Blast Furnace
40:10 Scale Barding Armor
40:02 Bodkin Arrow
45:25 Plate Mail Armor
45:00 Druzhina
45:57 Hoardings
45:25 Man-at-Arms
45:56 Long Swordsman
46:49 Siege Engineers
46:47 Two-Handed Swordsman
46:51 Capped Ram
47:43 Champion
50:19 Murder Holes
50:41 Caravan
50:34 Siege Ram
61:27 Gold Shaft Mining
62:25 Chain Barding Armor
77:29 Detinets
LIJKIE
7:11 Loom
10:19 Feudal Age
10:50 Double-Bit Axe
19:00 Castle Age
18:58 Scale Barding Armor
20:05 Bow Saw
19:40 Pikeman
23:10 Fortified Wall
24:46 Fletching
25:59 Squires
26:13 Forging
31:54 Husbandry
36:20 Imperial Age
36:26 Caravan
39:08 Halberdier
40:01 Padded Archer Armor
40:22 Chain Barding Armor
40:52 Cavalier
41:14 Cavalier
45:51 Murder Holes
46:47 Bodkin Arrow
49:39 Plate Barding Armor
49:21 Leather Archer Armor
52:23 Paladin
55:44 Iron Casting
61:54 Blast Furnace
60:55 Scale Mail Armor
62:55 Wheelbarrow
68:26 Ballistics
69:30 Chain Mail Armor
70:08 Elite Skirmisher
78:00 Plate Mail Armor
NewTrinity78
3:09 Loom
11:25 Feudal Age
12:44 Horse Collar
12:51 Double-Bit Axe
19:21 Castle Age
20:06 Bloodlines
20:03 Scale Barding Armor
20:09 Forging
24:54 Szlachta Privileges
28:40 Husbandry
31:34 Iron Casting
32:34 Chain Barding Armor
33:35 Fletching
36:19 Imperial Age
36:16 Bodkin Arrow
36:29 Cavalier
40:43 Wheelbarrow
40:33 Ballistics
41:19 Chemistry
40:51 Light Cavalry
42:35 Caravan
43:05 Lechitic Legacy
45:01 Winged Hussar
47:03 Blast Furnace
46:43 Conscription
46:27 Murder Holes
46:43 Fortified Wall
47:14 Bracer
47:14 Scale Mail Armor
47:49 Thumb Ring
47:46 Crossbowman
48:22 Arbalester
49:17 Masonry
48:48 Treadmill Crane
50:09 Chain Mail Armor
49:54 Padded Archer Armor
49:17 Man-at-Arms
50:33 Long Swordsman
51:13 Squires
53:56 Bow Saw
53:50 Heavy Plow
54:25 Arson
54:01 Two-Handed Swordsman
55:41 Champion
61:02 Plate Mail Armor
60:48 Leather Archer Armor
61:17 Hand Cart
60:49 Capped Ram
74:51 Crop Rotation
Connection lost

Rejoining the realm…

Still unreachable

The connection could not be restored.

Session expired

The server has moved on; the page needs a fresh start.